Cogmind - Beta 9.6 @@@ ROGUE MODE // 2020.06.30 @ 20:24:35 Player: Howard Result: Destroyed by G-47 Trooper with Particle Gun Performance ------------- Evolutions (2) 1000 Regions Visited (6) 1200 Robots Destroyed (17) 85 Value Destroyed (392) 392 Prototype IDs (4) 80 Alien Tech Used (0) 0 Bonus (0) 0 TOTAL SCORE: 2757 Bonus ------- None Cogmind --------- Core Integrity 0/550 Matter 201/300 Energy 100/100 System Corruption 0% Temperature Cool (9) Movement Core (50) Location -8/Materials Parts ------- > --- POWER (1) -------- (None) > --- PROPULSION (3) --- (None) > --- UTILITY (5) ------ Signal Interpreter > --- WEAPON (2) ------- (None) > --- INVENTORY (4) ---- Improved Heat Sink Improved Heat Sink High-capacity Storage Unit Minigun Peak State ------------ > --- POWER ------------ Light Nuclear Core > --- PROPULSION ------- Light Treads Light Treads Wheel > --- UTILITY ---------- Improved Heat Sink High-capacity Storage Unit Visual Processing Unit Signal Interpreter Improved Light Armor Plating > --- WEAPON ----------- Improved Medium Laser Improved Medium Laser > --- INVENTORY -------- Light Ion Engine Light Ion Engine Light Fission Core Wheel High-capacity Storage Unit High-capacity Storage Unit Recoil Stabilizer Light Armor Plating Improved Medium Laser Improved Medium Laser [Rating: 24] Favorites ----------- Power Light Ion Engine Engine Light Ion Engine Power Core Light Nuclear Core Propulsion Light Treads Treads Light Treads Wheel Wheel Utility Signal Interpreter Device Improved Heat Sink Storage Small Storage Unit Processor Signal Interpreter Protection Light Armor Plating Weapon Improved Medium Laser Energy Gun Improved Medium Laser Ballistic Cannon Improved Light Cannon Build | -11 -10 -9 -9 -9 -8 -8 ------- Run | Scr Mat Mat Min Exi Min Mat Slots Evolved 4 | . . 2 . . . 2 Power . | . . . . . . . Propulsion 1 | . . . . . . 1 Utility 3 | . . 2 . . . 1 Weapon . | . . . . . . . Parts Attached 33 | 8 3 8 . 1 2 11 Power 4 | 1 . 1 . . 1 1 Engine 2 | 1 . 1 . . . . Core 2 | . . . . . 1 1 Reactor . | . . . . . . . Propulsion 7 | 3 . . . . . 4 Treads 3 | 1 . . . . . 2 Leg . | . . . . . . . Wheel 4 | 2 . . . . . 2 Hover . | . . . . . . . Flight . | . . . . . . . Utility 10 | 1 . 4 . 1 1 3 Device 2 | . . 1 . . . 1 Storage 2 | 1 . . . 1 . . Processor 2 | . . 2 . . . . Hackware . | . . . . . . . Protection 4 | . . 1 . . 1 2 Artifact . | . . . . . . . Weapon 12 | 3 3 3 . . . 3 Energy Gun 10 | 3 3 3 . . . 1 Energy Cannon . | . . . . . . . Ballistic Gun . | . . . . . . . Ballistic Cannon 2 | . . . . . . 2 Launcher . | . . . . . . . Special Weapon . | . . . . . . . Impact Weapon . | . . . . . . . Slashing Weapon . | . . . . . . . Piercing Weapon . | . . . . . . . Special Melee Weapon . | . . . . . . . Unidentified Prototypes 1 | . . 1 . . . . Parts Lost 13 | . . . . . . 13 Power 1 | . . . . . . 1 Propulsion 5 | . . . . . . 5 Utility 3 | . . . . . . 3 Weapon 4 | . . . . . . 4 Highest Loss Streak 12 | . . . . . . 12 Average Slot Usage (%) 92 | . 85 78 100 100 98 89 Engine 7 | . 14 11 11 11 2 . Core 2 | . . . . . 8 7 Treads 12 | . 14 11 11 11 11 15 Wheel 10 | . 14 11 11 11 11 8 Device 3 | . . 8 . . . 8 Storage 10 | . 14 11 11 11 11 8 Processor 15 | . . 1 22 22 22 16 Protection 7 | . . 2 11 11 11 8 Energy Gun 20 | . 28 22 22 22 22 14 Naked Turns . | . . . . . . . Heaviest Build 49 | 11 11 17 16 44 46 49 Greatest Support 20 | 20 10 10 10 10 10 16 Greatest Overweight (x) 4 | 1 1 1 1 4 4 4 Average Overweight (x) 1 | . . 1 1 1 4 2 Largest Inventory Capacity 12 | 6 6 6 6 12 12 12 Average Capacity 8 | 5 6 6 6 8 12 11 Most Carried 12 | 4 6 6 6 10 11 12 Average Carried 7 | 2 4 5 6 6 10 10 Final Capacity 12 | 6 6 6 6 12 12 4 Final Carried 11 | 4 5 6 6 8 11 4 Class Distribution -------------------- 50% | Scavenger-Mutant 49% | Mutant Dominant Class ---------------- Mutant | -10/Materials Mutant | -9/Materials Scavenger-Mutant | -9/Mines Scavenger-Mutant | -9/Exiles Mutant | -8/Mines Mutant | -8/Materials Resources | -11 -10 -9 -9 -9 -8 -8 ----------- Run | Scr Mat Mat Min Exi Min Mat Matter Collected 460 | 206 104 80 . 10 20 40 Remotely 70 | . . 70 . . . . Salvage Created 572 | . 68 158 . . 45 301 Parts 47 | . 8 18 . . 4 17 Haulers Intercepted 2 | . . . . . . 2 Recyclers Shooed . | . . . . . . . Parts Field Recycled . | . . . . . . . Retrieved Matter . | . . . . . . . Parts Self-Destructed . | . . . . . . . Prevented . | . . . . . . . Kills | -11 -10 -9 -9 -9 -8 -8 ------- Run | Scr Mat Mat Min Exi Min Mat Combat Hostiles Destroyed 9 | . . 5 . . 1 3 Guns 7 | . . 4 . . 1 2 Cannons 1 | . . . . . . 1 Classes Destroyed 11 | . 3 3 . . 1 4 Worker 1 | . 1 . . . . . Tunneler 1 | . 1 . . . . . Hauler 2 | . . . . . . 2 Recycler 1 | . . . . . . 1 Operator 2 | . . 1 . . . 1 Watcher 1 | . 1 . . . . . Swarmer 3 | . . 3 . . . . Grunt 2 | . . . . . 1 1 Duelist 1 | . . . . . . 1 Sentry 2 | . . 2 . . . . Hunter 1 | . . . . . . 1 Best Kill Streak 4 | . 2 3 . . 1 4 Combat Bots Only 3 | . . 3 . . 1 1 Max Kills in Single Turn 2 | . 1 1 . . 1 2 Gunslinging . | . . . . . . . Exploded . | . . . . . . . Melee . | . . . . . . . Uniques/NPCs Destroyed . | . . . . . . . Combat | -11 -10 -9 -9 -9 -8 -8 -------- Run | Scr Mat Mat Min Exi Min Mat Damage Taken 2167 | . 39 249 . . 62 1817 Core 616 | . . 46 . . 14 556 Absorbed by Shields . | . . . . . . . Core Remaining (%) 95 | 100 100 . . . 85 . Volleys Fired 56 | . 13 14 . . 2 27 Largest 2 | . 2 2 . . 2 2 Hottest 112 | . 90 112 . . 112 112 Shots Fired 112 | . 26 28 . . 4 54 Gun 88 | . 26 28 . . 4 30 Cannon 24 | . . . . . . 24 Launcher . | . . . . . . . Special . | . . . . . . . Kinetic 24 | . . . . . . 24 Thermal 75 | . 13 28 . . 4 30 Explosive . | . . . . . . . Electromagnetic 13 | . 13 . . . . . Robot Hit Streak 14 | . 6 13 . . 14 8 Robot Miss Streak 4 | . 4 2 . . 1 4 Penetration Max . | . . . . . . . Secondary Targets . | . . . . . . . Shots Hit Robots 67 | . 11 18 . . 2 36 Core Hits 26 | . 4 7 . . 2 13 Critical Hits . | . . . . . . . Critical Kills . | . . . . . . . Critical Parts Destroyed . | . . . . . . . Melee Attacks . | . . . . . . . Impact . | . . . . . . . Slashing . | . . . . . . . Piercing . | . . . . . . . Sneak Attacks . | . . . . . . . Combat Hostiles . | . . . . . . . Follow-up Attacks . | . . . . . . . Damage Inflicted 1229 | . 284 287 . . 33 625 Guns 869 | . 190 287 . . 33 359 Cannons 249 | . . . . . . 249 Explosions 94 | . 94 . . . . . Melee . | . . . . . . . Ramming 17 | . . . . . . 17 Kinetic 249 | . . . . . . 249 Thermal 874 | . 195 287 . . 33 359 Explosive . | . . . . . . . Electromagnetic 89 | . 89 . . . . . Impact . | . . . . . . . Slashing . | . . . . . . . Piercing . | . . . . . . . Highest Corruption . | . . . . . . . Average Corruption . | . . . . . . . Corruption Purged . | . . . . . . . Overload Shots . | . . . . . . . Overflow Damage 8 | . . . . . . 8 Projectiles 8 | . . . . . . 8 Explosions . | . . . . . . . Melee . | . . . . . . . Knockbacks 7 | . . . . . . 7 Impact . | . . . . . . . Kinetic 7 | . . . . . . 7 Secondary . | . . . . . . . Self-Inflicted Damage 8 | . . . . . . 8 Shots . | . . . . . . . Rammed 2 | . . . . . . 2 Targets Rammed 2 | . . . . . . 2 Kicked . | . . . . . . . Crushed . | . . . . . . . Highest Temperature 360 | . 99 360 . . 105 87 Average Temperature 62 | . 38 129 . . 59 19 Received Heat Transfer 999 | . 9 54 . . 36 900 Siege Activations . | . . . . . . . Robots Corrupted . | . . . . . . . Combat Hostiles . | . . . . . . . Parts Fried . | . . . . . . . Impact Corruptions . | . . . . . . . Robots Melted 1 | . . 1 . . . . Combat Hostiles 1 | . . 1 . . . . Parts Melted 5 | . . 1 . . . 4 Heat Transferred 1926 | . 446 629 . . 74 777 Parts Sabotaged . | . . . . . . . Parts Stolen . | . . . . . . . Parts Stripped . | . . . . . . . Power Chain Reactions 1 | . 1 . . . . . Missiles Intercepted . | . . . . . . . Alert | -11 -10 -9 -9 -9 -8 -8 ------- Run | Scr Mat Mat Min Exi Min Mat Peak Influence 266 | . 134 266 118 . 35 138 Average Influence 85 | . 72 164 105 . 32 68 Maximum Alert Level 1 | . . 1 . . . . Low Security (%) 93 | 100 100 68 100 . 100 100 Level 1 6 | . . 31 . . . . Level 2 . | . . . . . . . Level 3 . | . . . . . . . Level 4 . | . . . . . . . Level 5 . | . . . . . . . High Security . | . . . . . . . Max Security . | . . . . . . . Squads Dispatched 6 | . 2 . . . . 4 Investigation 4 | . 1 . . . . 3 Extermination . | . . . . . . . Reinforcement 2 | . 1 . . . . 1 Assault . | . . . . . . . Garrison . | . . . . . . . Intercept . | . . . . . . . Construction Impeded . | . . . . . . . Haulers Reinforced . | . . . . . . . Stealth | -11 -10 -9 -9 -9 -8 -8 --------- Run | Scr Mat Mat Min Exi Min Mat Distress Signals 4 | . . 3 . . . 1 Communications Jammed . | . . . . . . . Distress Signals . | . . . . . . . Times Spotted 47 | . 5 6 2 . 3 31 Peak Tracking Total 13 | . 3 5 2 . 3 13 Tactical Retreats 7 | . 1 1 . . 2 3 Traps | -11 -10 -9 -9 -9 -8 -8 ------- Run | Scr Mat Mat Min Exi Min Mat Traps Triggered 5 | . 3 . . . . 2 Indirectly . | . . . . . . . Trap Hack Attempts . | . . . . . . . Triggered . | . . . . . . . Disarmed . | . . . . . . . Reprogrammed . | . . . . . . . Reused . | . . . . . . . Traps Extracted . | . . . . . . . Installed . | . . . . . . . Triggered . | . . . . . . . Exploded 1 | . . . . . . 1 Machines | -11 -10 -9 -9 -9 -8 -8 ---------- Run | Scr Mat Mat Min Exi Min Mat Machines Disabled 1 | . . 1 . . . . Max in Single Turn 1 | . . 1 . . . . Machines Sabotaged . | . . . . . . . Garrisons Compromised . | . . . . . . . Overloaded Fab Kills . | . . . . . . . Fab Network Shutdowns . | . . . . . . . Hacking | -11 -10 -9 -9 -9 -8 -8 --------- Run | Scr Mat Mat Min Exi Min Mat Machines Accessed 11 | . 4 2 . 1 . 4 Terminals 8 | . 4 2 . . . 2 Fabricators . | . . . . . . . Repair Stations 2 | . . . . . . 2 Recycling Units . | . . . . . . . Scanalyzers . | . . . . . . . Garrison Access . | . . . . . . . Total Hacks 43 | . 13 10 . 8 . 12 Successful 31 | . 7 9 . 8 . 7 Failed 12 | . 6 1 . . . 5 Catastrophic 3 | . 2 . . . . 1 Database Lockouts . | . . . . . . . Manual 19 | . 8 7 . . . 4 Terminals 30 | . 13 10 . . . 7 Fabricators . | . . . . . . . Repair Stations 5 | . . . . . . 5 Recycling Units . | . . . . . . . Scanalyzers . | . . . . . . . Garrison Access . | . . . . . . . Terminal Hacks 19 | . 4 5 . 8 . 2 Record 8 | . . . . 8 . . Prototype ID Bank 1 | . 1 . . . . . Branch Access Points 2 | . 1 1 . . . . Terminal Index 2 | . 1 1 . . . . Scanalyzer Index 1 | . . . . . . 1 Hauler Manifests 1 | . . 1 . . . . Registered Prototypes 2 | . 1 1 . . . . Zone Layout 2 | . . 1 . . . 1 Fabricator Hacks . | . . . . . . . Repair Station Hacks 4 | . . . . . . 4 Scan Component 2 | . . . . . . 2 Repair 2 | . . . . . . 2 Recycling Unit Hacks . | . . . . . . . Scanalyzer . | . . . . . . . Garrison Access Hacks . | . . . . . . . Unauthorized Hacks 8 | . 3 4 . . . 1 Terminals 8 | . 3 4 . . . 1 Track 4 | . 2 1 . . . 1 Botnet 3 | . 1 2 . . . . Operators 1 | . . 1 . . . . Fabricators . | . . . . . . . Repair Stations . | . . . . . . . Recycling Units . | . . . . . . . Scanalyzers . | . . . . . . . Garrison Access . | . . . . . . . Data Cores Recovered 1 | . . 1 . . . . Used . | . . . . . . . Hacking Detections 8 | . 3 2 . . . 3 Full Trace Events 2 | . 1 . . . . 1 Feedback Events . | . . . . . . . Feedback Blocked . | . . . . . . . Robot Schematics Acquired . | . . . . . . . Robots Built . | . . . . . . . Matter . | . . . . . . . Time . | . . . . . . . Total Robot Build Rating . | . . . . . . . Part Schematics Acquired . | . . . . . . . Parts Built . | . . . . . . . Matter . | . . . . . . . Time . | . . . . . . . Total Part Build Rating . | . . . . . . . Parts Repaired 2 | . . . . . . 2 Time 76 | . . . . . . 76 Parts Recycled . | . . . . . . . Recycled Matter . | . . . . . . . Retrieved Matter . | . . . . . . . Retrieved Components . | . . . . . . . Parts Scanalyzed . | . . . . . . . Part Schematics Acquired . | . . . . . . . Parts Damaged . | . . . . . . . Bothacking | -11 -10 -9 -9 -9 -8 -8 ------------ Run | Scr Mat Mat Min Exi Min Mat Used RIF Installer . | . . . . . . . Robots Hacked . | . . . . . . . Non-combat . | . . . . . . . Combat . | . . . . . . . Robot Hacks Applied . | . . . . . . . Relay Couplers Released . | . . . . . . . Robots Rewired . | . . . . . . . Allies Hacked . | . . . . . . . Hacks Repelled . | . . . . . . . Allies | -11 -10 -9 -9 -9 -8 -8 -------- Run | Scr Mat Mat Min Exi Min Mat Total Allies . | . . . . . . . Largest Group . | . . . . . . . Highest-Rated Group . | . . . . . . . Highest-Rated Ally . | . . . . . . . Total Orders . | . . . . . . . Ally Attacks . | . . . . . . . Total Damage . | . . . . . . . Kills . | . . . . . . . Allies Corrupted . | . . . . . . . Allies Melted . | . . . . . . . Intel | -11 -10 -9 -9 -9 -8 -8 ------- Run | Scr Mat Mat Min Exi Min Mat Robot Analysis Total . | . . . . . . . Derelict Logs Recovered . | . . . . . . . Drone Launches . | . . . . . . . Drone Recoveries . | . . . . . . . Exploration | -11 -10 -9 -9 -9 -8 -8 ------------- Run | Scr Mat Mat Min Exi Min Mat Turns Passed 2045 | 58 189 266 133 661 107 631 Spaces Moved 1433 | 48 153 212 106 506 77 331 Core 97 | 1 . . . . . 96 Treads . | . . . . . . . Legs . | . . . . . . . Wheels 1336 | 47 153 212 106 506 77 235 Hover . | . . . . . . . Flight . | . . . . . . . Fastest Speed 50 | 50 80 90 90 90 120 50 Average Speed 95 | 83 89 90 90 95 120 99 Slowest Speed 130 | 90 90 90 90 120 120 130 Overloaded Moves . | . . . . . . . Propulsion Burnouts . | . . . . . . . Robots Hopped . | . . . . . . . Cave-ins Triggered . | . . . . . . . Exploration Rate (%) 33 | 4 31 12 37 87 26 38 Regions Visited 6 Branch Regions 3 Pre-discovered Areas . | . . . . . . . Known Exits Taken 4 | . . 1 1 1 1 . Unknown Exits Taken 2 | 1 1 . . . . . Scrap Searched 1 | . . . . . 1 . Spaces Dug . | . . . . . . . Terrain Destroyed 4 | . 3 . . . . 1 Melee . | . . . . . . . Projectile 1 | . . . . . . 1 AOE 3 | . 3 . . . . . Actions | -11 -10 -9 -9 -9 -8 -8 --------- Run | Scr Mat Mat Min Exi Min Mat Total 1989 | 61 177 259 143 683 87 579 Wait 433 | 3 6 17 38 170 5 194 Move 1427 | 47 152 211 105 505 76 331 Hop . | . . . . . . . Pick Up 18 | 3 2 2 . 4 1 6 Fast Attach 19 | 6 3 6 . . 1 3 Attach 6 | . . . . . . 6 Detach 3 | . . 1 . . 1 1 Swap 8 | 2 . 2 . 1 1 2 Drop 17 | . 1 6 . 3 . 7 Fire 56 | . 13 14 . . 2 27 Melee . | . . . . . . . Ram 2 | . . . . . . 2 Kick . | . . . . . . . Crush . | . . . . . . . Escape Stasis . | . . . . . . . Rewire . | . . . . . . . Trap . | . . . . . . . Miscellaneous . | . . . . . . . Route ------- -11/Scrapyard -10/Materials (discovered 2 exits: *Mat / Min) -9/Materials (discovered 3 exits: *Min x2 / Sto) -9/Mines -9/Exiles (discovered 2 exits: *Min x2) -8/Mines -8/Materials (discovered 1 exit: [*Fac]) History --------- Turn | Location | Event 5 | -11/Scrapyard | Discovered new exit (range 16) 59 | -11/Scrapyard | Entered Materials 103 | -10/Materials | Identified exit to Mines 228 | -10/Materials | Discovered new exit (range 9) 248 | -10/Materials | Entered another Materials area 248 | -9/Materials | Evolved 2 slots: Utility x2 309 | -9/Materials | Build established: Mutant 439 | -9/Materials | Identified exit to Mines 439 | -9/Materials | Identified exit to Storage 476 | -9/Materials | Met 8R-AWN 514 | -9/Materials | Entered Mines 515 | -9/Mines | Followed 8R-AWN into the Mines 636 | -9/Mines | Discovered new exit (range 5) 638 | -9/Mines | Identified exit to Exiles 647 | -9/Mines | Entered Exiles 659 | -9/Exiles | Discovered new exit (range 16) 672 | -9/Exiles | Welcomed by 8R-AWN 684 | -9/Exiles | Met EX-HEX 722 | -9/Exiles | Learned about 8R-AWN's background 781 | -9/Exiles | Met EX-BIN 796 | -9/Exiles | Build established: Scavenger-Mutant 803 | -9/Exiles | Met EX-DEC 871 | -9/Exiles | Visited The Gauntlet 1117 | -9/Exiles | Discovered new exit (range 10) 1128 | -9/Exiles | Identified exit to Mines 1308 | -9/Exiles | Entered Mines 1410 | -8/Mines | Discovered new exit (range 5) 1414 | -8/Mines | Identified exit to Materials 1415 | -8/Mines | Entered Materials 1415 | -8/Materials | Evolved 2 slots: Propulsion x1, Utility x1 1616 | -8/Materials | Build established: Mutant 1808 | -8/Materials | Repaired Imp. Light Armor Plating 1863 | -8/Materials | Repaired Lgt. Nuclear Core? 1895 | -8/Materials | Discovered new exit (range 17) 2000 | -8/Materials | Core integrity fell below 50% 2035 | -8/Materials | Lost 12 parts (1p4n3u4w) 2041 | -8/Materials | Core integrity fell below 20% 2046 | -8/Materials | Destroyed by G-47 Trooper with Particle Gun Last Messages --------------- 01993_ Lgt. Armor Plating destroyed. 01993_ U-05 Engineer builds a Wall. 01993_ Lgt. Nuclear Core destroyed. 01993_ Imp. Light Cannon destroyed. 01993_ Dropped Hcp. Storage Unit. 01994_ Dropped Recoil Stabilizer. 01997_ K-01 Serf collects debris. 01998_ Slammed into G-47 Trooper. 02000_ U-05 Engineer builds a Door. 02004_ Imp. Light Armor Plating destroyed. 02012_ Triggered Alarm Trap. 02012_ An alarm sounds. 02012_ ALERT: Alarm triggered, dispatching investigation squad. 02030_ Connecting with Terminal... >>Trojan(Track) Trojan loaded successfully. Testing... Tracking enabled and active. 02030_ ALERT: Suspicious activity at Terminal M006. Dispatching Investigation squad. Map ----- +----------------------------------------------------+ | ??????????????????? ?# # #?????????? ????? | | ??????????????????? ?# # #?????????? ????? | | ??????????????######## ##########??????????????? | | ??????????????# ???????????? | | ??????????????# ???????????? | | ??????????????# ???????????? | | ??????????????# #######+####+#+### ???????????? | | ??????????????# #??????????????????????????????? | | ??????????????# #??????????????????????????????? | | ??????????????+ #??????????????????????????????? | | ??????????????# #??????????????????????????????? | | ??????????????# #??????????????????????????????? | | ??????????????# #??????????????????????????????? | | ??????????????# #??????????????????????????????? | | ??????????????# #??????????????????????????????? | | ??????????????# #??????????????????????????????? | | ??????????????+ #??????????????????????????????? | | ??????????????# #??????????????????????????????? | | ??????????????# #??????????????????????????????? | | ??????????????# #??????????????????????????????? | | ??????????????# ##############?????????????????? | | ??????????????# gg# #?????????????????? | | ??????????????# #g #?????????????????? | | ??????????????# gg #?????????????????? | | ??????????????# g# +?????????????????? | | ?????##########g g# t @ #?????????????????? | | ?????# gg##############?????????????????? | | ?????# #########g#####???????????????????????????? | | ?????# #???# #???????????????????????????? | | ?????# #???# T #???????????????????????????? | | ?????# #???# """h #???????????????????????????? | | ?????# #???# """ #???????????????????????????? | | ?????# #???# """ !#???????????????????????????? | | ?????# #???# #???????????????????????????? | | ?????# ##### #???????????????????????????? | | ?????# + ! #???????????????????????????? | | ?????#################???????????????????????????? | | ?????????????????????????????????????????????????? | | ?????????????????????????????????????????????????? | | ?????????????????????????????????????????????????? | | | | | | | | | | | | | | | | | | | | | +----------------------------------------------------+ Best States ------------- Heat Dissipation 45 Energy Generation 14 Energy Capacity 160 Matter Stores 300 Matter Capacity 300 Sight Range 18 Terrain Scan Density 10 Armor Coverage 300 Evasion (%) 50 Recoil Reduction 2 Item Schematics ----------------- None Robot Schematics ------------------ None Fabricated ------------ Nothing Alien Tech Used ----------------- None Achievements -------------- None Challenges ------------ None Game ------ Seed BeamStormTearclaws Manual? 0 Play Time 00:22:25 Cumulative 94.2 hours Start 2020.06.30 @ 20:03:14 End 2020.06.30 @ 20:24:35 Sessions 1 Manual Loads 0 Difficulty Rogue Special Mode None Game No. 81 Rogue 79 Adventurer 2 Explorer 0 Win Type - Total 5 Types 3/0/0/2/0/0/0 Lore% 72 Gallery% 75 Achievement% 62 Wizard Run 0 Options --------- ASCII 0 Keyboard 1 Movement Numpad Keybinds 0 Fullscreen 2 Font 12/Terminus Map View 83x54 Tactical HUD 1 Map Filters NONE Filters NONE Steam 1 RUN: 6ec253f7-4fd2-46e3-ab30-8487375a6e1a